Unix NetHack Version 5.0.0-0 post-release - last build May  4 2026 22:22:43 (774f63e81ad911689b3a0859ea89b322d5daca8d,branch:main).

Game began 2026-05-06 07:39:24, ended 2026-05-06 07:59:23.

01246791210, lawful female dwarven Valkyrie

                     ---------            ---         -.-------         -----
                     |.......|            |.          |.......|    #####....|
                     |.......|            |.         #-.......|   ##    |...|
                     |.......|            |.         #|........#  #    #....|
                     |.......|             |         #....!...|#`##    #|...|
                     |........#                      #---------##      #-----
                     |.......|##                     #       ###       ###
                     -.------- #                     #         #         #
                     ###      ###                    ##        #         ##
                      #        ###         #     #   ###      ##          #
                      #       ################e@########     ##     #     #
                      #         ##         #     #---.-#     #------|-----#
                     ##                           |...|#     #|..........|#
                     #                     .      |...|#     #|...........#
                   --.--                   .      |..>+#     #|..........|
                   ....|                   .      |(..|      #|.......(..|
                   |...|                   .      -----      #|.......{..|
                   |<..|                  ---                #...........|
                   -----                                      ------------

01246791210 the Skirmisher  St:16 Dx:14 Co:20 In:10 Wi:8 Ch:10  Lawful
Dlvl:3  $:21 HP:0(36) Pw:6(6) AC:6  Xp:3 T:2449  Starved 

Latest messages:
 You kill the brown mold!
 Welcome to experience level 3.
 You feel stealthy!
 You see here 2 food rations.
 q - 2 food rations.
 You see here a smoky potion.
 r - a smoky potion.
 You see here 5 gold pieces.
 $ - 5 gold pieces (21 in total).
 You see here a statue of a newt.
 s - a statue of a newt.
 You see here a chest.
 You have trouble lifting a chest.  Continue? [ynq] (q) n
 The plumbing connects it to the floor.
 The door opens.
 In what direction? 8
 Ouch!  That hurts!
 Your right leg is in no shape for kicking.
 Your leg feels better.
 You hear a gurgling noise.
 You hit the floating eye.
 You are frozen by the floating eye's gaze!
 You hear a gurgling noise.
 You can move again.
 You hit the floating eye!
 You are frozen by the floating eye's gaze!
 You are beginning to feel hungry.
 You can move again.
 You hit the floating eye!
 You are frozen by the floating eye's gaze!
 Valkyrie needs food, badly!
 You hear a door open.
 You can move again.
 You miss the floating eye.
 You are frozen by the floating eye's gaze!
 You hear a gurgling noise.
 You can move again.
 You faint from lack of food.
 You regain consciousness.
 You hit the floating eye.
 You are frozen by the floating eye's gaze!
 You can move again.
 You hit the floating eye!
 You are frozen by the floating eye's gaze!
 You die from starvation.
 Do you want your possessions identified? [ynq] (y) y
 Do you want to see your attributes? [ynq] (y) n
 Do you want an account of creatures vanquished? [ynaq] (y) n
 Do you want to see your conduct and achievements? [ynq] (y) n
 Do you want to see the dungeon overview? [ynq] (y) n

Inventory:
 Coins    ('$')
  $ - 21 gold pieces
 Weapons  (')')
  b - a +0 dagger (alternate weapon; not wielded)
  a - a +1 dwarvish spear (weapon in right hand)
  n - 2 +0 orcish daggers
 Armor    ('[')
  c - an uncursed +3 small shield (being worn)
 Comestibles  ('%')
  g - an uncursed cram ration
  p - an uncursed partly eaten cram ration
  q - 2 uncursed food rations
  m - an uncursed lichen corpse
 Potions  ('!')
  r - an uncursed potion of see invisible
 Rings    ('=')
  j - an uncursed +1 ring of increase damage
 Wands    ('/')
  k - a wand of magic missile (0:4)
 Tools    ('(')
  l - an uncursed unlocked large box containing 3 items
  f - a cursed magic whistle
  o - an uncursed oil lamp
 Boulders/Statues  ('`')
  h - an empty uncursed statue of a grid bug
  s - an empty uncursed statue of a newt

Contents of the large box:
  an uncursed +0 pair of iron shoes
  a cursed potion of healing
  an uncursed potion of speed

01246791210 the Valkyrie's attributes:

Background:
 You were a Skirmisher, a level 3 dwarven Valkyrie.
 You were lawful, nominally on a mission for Tyr
 who was opposed by Odin (neutral) and Loki (chaotic).
 You were right-handed.
 You were in the Dungeons of Doom, on level 3.
 You entered the dungeon 2449 turns ago.
 You had 43 experience points, 37 more were needed to attain level 4.

Basics:
 You had 0 out of 36 hit points.
 You had all 6 energy points (spell power).
 Your armor class was 6.
 Your wallet contained 21 zorkmids.
 Autopickup was off.

Final Characteristics:
 Your strength was 16 (base:17, limit:18/100).
 Your dexterity was 14 (limit:20).
 Your constitution was 20 (limit:20).
 Your intelligence was 10 (limit:16).
 Your wisdom was 8 (limit:16).
 Your charisma was 10 (limit:16).

Final Status:
 You were starved.
 You were unencumbered.
 You were wielding a spear.
 You had basic skill with spear.

Final Attributes:
 You were devoutly aligned.
 You were cold resistant.
 You had infravision.
 You were stealthy.
 You are dead.

Miscellaneous:
 You didn't encounter any bones levels.
 Total elapsed playing time was 19 minutes and 58 seconds.

Major events:
 Turn
    1: 01246791210 the lawful dwarven Valkyrie entered the dungeon
 1567: attained the rank of Skirmisher (level 3)
 2449: died of starvation, while frozen by a floating eye's gaze

You didn't know any spells.

Skills:
 Fighting Skills
   bare handed combat [Unskilled]
   two weapon combat  [Unskilled]
   riding             [Unskilled]
 Weapon Skills
   dagger             [Basic]
   axe                [Unskilled]
   pick-axe           [Unskilled]
   short sword        [Unskilled]
   broadsword         [Unskilled]
   long sword         [Unskilled]
   two-handed sword   [Unskilled]
   saber              [Unskilled]
   hammer             [Unskilled]
   quarterstaff       [Unskilled]
   polearms           [Unskilled]
   spear              [Basic]
   trident            [Unskilled]
   lance              [Unskilled]
   sling              [Unskilled]
 Spellcasting Skills
   attack spells      [Unskilled]
   escape spells      [Unskilled]

Voluntary challenges:
 Character rerolling was not enabled.
 You followed a strict vegan diet.
 You were an atheist.
 You were illiterate.
 You never genocided any monsters.
 You never polymorphed an object.
 You never changed form.
 You used no wishes.
Achievement:
 You attained the rank of Skirmisher.

 The Dungeons of Doom: levels 1 to 3
    Level 1:
    Level 2:
    Level 3: <- You were here.
       A sink.
       Final resting place for
          you, died of starvation, while frozen by a floating eye's gaze.


Vanquished creatures:
  a large kobold
  a brown mold
  a gecko
  3 jackals
  3 foxes
  a kobold
  3 goblins
  a sewer rat
  a grid bug
  3 lichens
  2 kobold zombies
  7 newts
27 creatures vanquished.

No species were genocided or became extinct.

Game over:
                       ----------
                      /          \
                     /    REST    \
                    /      IN      \
                   /     PEACE      \
                  /                  \
                  |   01246791210    |
                  |      21 Au       |
                  |     died of      |
                  |    starvation    |
                  |                  |
                  |                  |
                  |       2026       |
                 *|     *  *  *      | *
        _________)/\\_//(\/(/\)/\//\/|_)_______

Farvel 01246791210 the Valkyrie...

You starved in The Dungeons of Doom on dungeon level 3 with 291 points,
and 21 pieces of gold, after 2449 moves.
You were level 3 with a maximum of 36 hit points when you starved.

